 Dungeon Crawl Stone Soup version 0.16.1-11-g651b585 (webtiles) character file.

29 Magnus the Charmwright (level 3, 0/27 HPs)
             Began as a Demonspawn Skald on Apr 5, 2015.
             Succumbed to an adder's poison
             ... on level 1 of the Dungeon.
             The game lasted 00:07:58 (909 turns).

Magnus the Charmwright (Demonspawn Skald)            Turns: 909, Time: 00:07:58

Health: 0/27       AC:  3    Str: 13    XL:     3   Next: 1%
Magic:  2/6        EV: 11    Int: 18    God:
Gold:   59         SH:  0    Dex: 12    Spells: 2 memorised, 3 levels left

rFire  . . .     SeeInvis .     k - +0 short sword
rCold  . . .     Clarity  .     b - +0 leather armour
rNeg   . . .     SustAb   +     (no shield)
rPois  .         Gourm    .     (no helmet)
rElec  .         Spirit   .     (no cloak)
rCorr  .         Warding  .     (no gloves)
rMut   .         Stasis   .     (no boots)
MR     .....                    (no amulet)
Stlth  +.........               (no ring)
                                e - ring of sustain abilities

@: brilliant, lethally poisoned (0 -> -3), not resistant to hostile
enchantments, very unstealthy
A: spiny 1
a: no special abilities


You were on level 1 of the Dungeon.
You were full.

You visited 1 branch of the dungeon, and saw 2 of its levels.

You collected 59 gold pieces.

Inventory:

Hand weapons
 a - a +0 falchion
 k - a +0 short sword (weapon)
Armour
 b - a +0 leather armour (worn)
Jewellery
 e - a ring of sustain abilities (left hand)
 g - an uncursed ring of teleportation
 i - an uncursed ring of invisibility
Scrolls
 h - a scroll of identify
Books
 c - a book of Battle

   Spells                             Type                      Level
   a - Infusion                       Charms                       1
   b - Shroud of Golubria             Charms/Translocation         2
   c - Song of Slaying                Charms                       2
   d - Spectral Weapon                Hexes/Charms                 3
   e - Regeneration                   Charms/Necromancy            3
Comestibles
 d - 2 bread rations
 j - 3 fruits


   Skills:
 - Level 2.0 Fighting
 + Level 2.4 Long Blades
 - Level 0.8 Armour
 - Level 0.8 Dodging
 - Level 2.0 Spellcasting
 + Level 3.3 Charms


You had 3 spell levels left.
You knew the following spells:

 Your Spells              Type           Power        Failure   Level  Hunger
a - Infusion              Chrm           ###...       1%          1    #......
b - Song of Slaying       Chrm           ###.....     1%          2    ###....


Dungeon Overview and Level Annotations

Branches:
Dungeon (2/15)

Altars:


Innate Abilities, Weirdness & Mutations

You are partially covered in sharp spines.


Message History

* * * LOW HITPOINT WARNING * * *
You feel sick.
Eat which item? (? for menu, Esc to quit)
Mmmm...
Yummy guava.
Read which item? (? for menu, Esc to quit)
You don't have any unidentified items.
Read which item? (? for menu, Esc to quit)
Okay, then.
You aren't carrying any potions.
You aren't carrying any potions.
You aren't carrying any potions.
There is a lethal amount of poison in your body!
There is a lethal amount of poison in your body!
There is a lethal amount of poison in your body!
* * * LOW HITPOINT WARNING * * *
You feel sick.
Eat which item? (? for menu, Esc to quit)
You continue eating. x2
You finish eating.
That bread ration really hit the spot!
You die...

...........##+#'#+###..# #...
....##..##.###..#..<##.## #...
....#...##..#'#+#'####..#######..
....#.........##..# #......# ##.
.......###.##+#'######......#####
......## #..##..#.............#
#.....####..#'######..........###
##.........)..#.................#
............###.@###..........#..
.......##........# #..........##.
.............>...# #..........###
.......##........# ###......###
.......##........# #......#
#########........# ########
##########


There were no monsters in sight!

Vanquished Creatures
  An adder (D:2)
  A giant gecko (D:1)
  2 bats (D:1)
  A giant cockroach (D:1)
  2 goblins (D:1)
  3 hobgoblins (D:1)
  A ball python (D:1)
  3 giant newts
  5 kobolds (D:1)
  A rat (D:1)
20 creatures vanquished.

Notes
Turn   | Place    | Note
--------------------------------------------------------------
     0 | D:1      | Magnus, the Demonspawn Skald, began the quest for the Orb.
     0 | D:1      | Reached XP level 1. HP: 16/16 MP: 3/3
   213 | D:1      | Reached skill level 3 in Charms
   220 | D:1      | Gained mutation: You are partially covered in sharp spines. [demonic ancestry]
   220 | D:1      | Reached XP level 2. HP: 20/22 MP: 4/4
   224 | D:1      | Learned a level 2 spell: Song of Slaying
   893 | D:2      | Reached XP level 3. HP: 6/27 MP: 0/6
   905 | D:1      | HP: 1/27 [poisoned by an adder]
   909 | D:1      | Succumbed to an adder's poison

Action                   || total
-------------------------++-------
Melee: Falchion          ||    52
       Short sword       ||    11
 Cast: Song of Slaying   ||     2
       Infusion          ||     1
  Use: Scroll            ||     3
       Potion            ||     1
  Eat: Bread ration      ||     1
       Fruit             ||     1
